 Dungeon Sprint DCSS version 0.28-a0-793-g31680bbd8b (webtiles) character file.

Game seed: 2948821049856689269

87 mhtbhm the Covered (level 4, -12/45 HPs)
             Began as a Minotaur Fighter on Nov 4, 2021.
             Was an Initiate of Okawaru.
             Mangled by a two-headed ogre (20 damage)
             ... in the Dungeon (Sprint IX: "|||||||||||||||||||||||||||||").
             The game lasted 00:00:48 (253 turns).

mhtbhm the Covered (Minotaur Fighter)                Turns: 253, Time: 00:00:49

Health: -12/45     AC: 13    Str: 22    XL:     4   Next: 28%
Magic:  3/3        EV: 10    Int:  5    God:    Okawaru [......]
Gold:   0          SH:  5    Dex: 12    Spells: 3/3 levels left

rFire   . . .      SeeInvis .   a - +2 scimitar (flame)
rCold   . . .      Faith    .   c - +0 buckler
rNeg    . . .      Spirit   .   b - +1 chain mail
rPois   .          Reflect  .   (helmet restricted)
rElec   .          Harm     .   m - +0 cloak
rCorr   .          Rampage  .   (no gloves)
Will    .....      NoTele   +   n - +0 pair of boots
Stlth   ..........              (no amulet)
HPRegen 0.15/turn               o - +2 ring of evasion
MPRegen 0.08/turn               p - +3 ring of dexterity

@: very slightly contaminated, invisible
A: horns 2, retaliatory headbutt
a: Renounce Religion


You were in the Dungeon.
You worshipped Okawaru.
Okawaru was noncommittal.
You visited 1 branch

Inventory:

Hand Weapons
 a - a +2 scimitar of flaming (weapon)
Armour
 b - a +1 chain mail (worn)
 c - a +0 buckler (worn)
 m - a +0 cloak (worn)
 n - a +0 pair of boots (worn)
Jewellery
 o - a +2 ring of evasion (left hand)
 p - a +3 ring of dexterity (right hand)
Wands
 l - a wand of acid (10)
Scrolls
 j - 2 scrolls of blinking
 k - 2 scrolls of amnesia
Potions
 d - a potion of might
 e - 5 potions of curing
 g - a potion of haste
 h - 4 potions of magic


   Skills:
 + Level 6.4 Fighting
 + Level 4.9 Long Blades
 + Level 6.4 Armour
 + Level 0.4 Dodging
 + Level 6.3 Shields


You had 3 spell levels left.
You didn't know any spells.
Your spell library was empty.

Dungeon Overview and Level Annotations

Branches:
Dungeon (1/1)

Altars:
Cheibriados
Dithmenos
Elyvilon
Fedhas
Gozag
Hepliaklqana
Kikubaaqudgha
Makhleb
Nemelex Xobeh
Okawaru
Qazlal
Ru
Sif Muna
Trog
Uskayaw
Vehumet
Wu Jian
Xom
Yredelemnul
Zin
The Shining One
Beogh
Jiyva
Lugonu


Innate Abilities, Weirdness & Mutations

You have a pair of horns on your head.
You reflexively headbutt those who attack you in melee.


Message History

o - a +2 ring of evasion (left hand)
You feel agile.
p - a +3 ring of dexterity (right hand) As you open the door, it creaks loudly! 2 yaks, an orc wizard, a two-headed ogre, a wraith and a zombie come into view.
The two-headed ogre shouts in stereo!
The orc wizard shouts!
The yak bellows!
You hit the two-headed ogre but do no damage.
You block the two-headed ogre's attack. x2
You slash the two-headed ogre! You burn the two-headed ogre.
You headbutt the two-headed ogre!
The two-headed ogre is moderately wounded.
You block the two-headed ogre's attack.
The two-headed ogre hits you with a +0 giant spiked club!
You barely miss the two-headed ogre.
The two-headed ogre is moderately wounded.
The two-headed ogre hits you with a +0 giant spiked club.
The two-headed ogre barely misses you.
The orc wizard mumbles some strange words.
The orc wizard flickers and vanishes!
Deactivating autopickup; reactivate with Ctrl-A.
Unknown command.
You feel much better.
The two-headed ogre hits you with a +0 giant spiked club!!
The two-headed ogre completely misses you.
You feel much better. The two-headed ogre closely misses you.
You block the two-headed ogre's attack.
Unknown command.
You fade into invisibility!
You are very lightly contaminated with residual magic.
You barely miss the two-headed ogre. You headbutt the two-headed ogre!
The two-headed ogre is heavily wounded.
The two-headed ogre hits you with a +0 giant spiked club!
The two-headed ogre hits you but does no damage.
You hit the two-headed ogre. You burn the two-headed ogre.
You headbutt the two-headed ogre!
The two-headed ogre is almost dead.
The two-headed ogre hits you with a +0 giant spiked club!!
* * * LOW HITPOINT WARNING * * *
The two-headed ogre hits you with a +0 giant spiked club!!
You die...

▓.▓
▓.▓
▓)▓
▓.▓
▓[▓
▓.▓
▓.▓
▓.▓
▓@▓
▓O▓
▓W▓
▓{▓
▓Y▓
▓Z▓
▓Y▓
▓.▓


You could see a two-headed ogre, 2 yaks, a wraith and a bat zombie.

Vanquished Creatures
  A jelly (D)
  An iguana (D)
  An orc wizard (D)
  An orc (D)
  An endoplasm (D)
  A kobold (D)
  A quokka (D)
  A bat (D)
  2 rats (D)
10 creatures vanquished.

Notes
Turn   | Place    | Note
-------+----------+-------------------------------------------
     0 | D        | mhtbhm the Minotaur Fighter began the quest for the Orb.
     0 | D        | Reached XP level 1. HP: 19/19 MP: 0/0
    53 | D        | Noticed an iguana
    53 | D        | Noticed a jelly
    53 | D        | Noticed an orc wizard
    62 | D        | Killed an iguana
    63 | D        | Reached skill level 5 in Fighting
    63 | D        | Reached skill level 5 in Armour
    63 | D        | Reached skill level 5 in Shields
    63 | D        | Reached XP level 2. HP: 29/29 MP: 1/1
    63 | D        | Reached XP level 3. HP: 36/36 MP: 2/2
    71 | D        | Reached XP level 4. HP: 34/44 MP: 3/3
    87 | D        | Found a snail-covered altar of Cheibriados.
    87 | D        | Found a shadowy altar of Dithmenos.
    87 | D        | Found a white marble altar of Elyvilon.
    87 | D        | Found a blossoming altar of Fedhas.
    87 | D        | Found an opulent altar of Gozag.
    88 | D        | Found a hazy altar of Hepliaklqana.
    89 | D        | Found a viscous altar of Jiyva.
    90 | D        | Found an ancient bone altar of Kikubaaqudgha.
    91 | D        | Found a corrupted altar of Lugonu.
    92 | D        | Found a burning altar of Makhleb.
    93 | D        | Found a sparkling altar of Nemelex Xobeh.
    94 | D        | Found an iron altar of Okawaru.
    95 | D        | Found a stormy altar of Qazlal.
    96 | D        | Found a sacrificial altar of Ru.
    97 | D        | Found a shimmering blue altar of Sif Muna.
    98 | D        | Found a bloodstained altar of Trog.
   101 | D        | Found a hide-covered altar of Uskayaw.
   102 | D        | Found a radiant altar of Vehumet.
   103 | D        | Found an ornate altar of the Wu Jian Council.
   104 | D        | Became a worshipper of Warmaster Okawaru
   105 | D        | Found a shimmering altar of Xom.
   106 | D        | Found a basalt altar of Yredelemnul.
   107 | D        | Found a glowing silver altar of Zin.
   108 | D        | Found a glowing golden altar of the Shining One.
   245 | D        | Noticed a two-headed ogre
   245 | D        | Noticed a wraith
   245 | D        | Noticed a yak
   245 | D        | Noticed a yak
   253 | D        | Mangled by a two-headed ogre

Illustrated notes

Levels and vault maps discovered:
D:        linesprint [early_d, line_temple, items_1, d_10, items_2, lair_1,
          lair_end, items_3, orc_1, orc_end, items_4, d_15, swamp_1, shoals_1,
          snake_1, spider_1, d_20, vaults_1, items_5, swamp_end, shoals_end,
          snake_end, spider_end, vaults_end, d_27, items_6, zot_1, zot_end,
          crypt_end, forest_end, elf_end, slime_end, tomb_end, abyss_end,
          pan_hell_end]

Skill      XL: |  1  2  3 |
---------------+----------+-----
Fighting       | 5 6 |  6.4
Armour         | 5 6 |  6.4
Shields        | 5 6 |  6.3
Long Blades    | 3 4 |  4.9
Dodging        | |  0.4

Action                   |  1- 3 |  4- 6 || total
-------------------------+-------+-------++-------
Melee: Long sword        |    23 |     1 ||    24
       Headbutt          |     4 |     3 ||     7
       Scimitar          |       |     5 ||     5
  Use: Potion            |     2 |     3 ||     5
Armor: Scale mail        |     6 |       ||     6
       Chain mail        |       |     1 ||     1
Dodge: Dodged            |     4 |     5 ||     9
Block: Buckler           |     3 |     4 ||     7

Table legend: (Time is in decaauts)
 A = Elapsed time spent in this place.
 B = Non-inter-level travel time spent in this place.
 C = Inter-level travel time spent in this place.
 D = Time resting spent in this place.
 E = Time spent auto-exploring this place.
 F = Levels seen in this place.
 G = Mean time per level.
                   A        B        C        D        E       F      G
               +--------+--------+--------+--------+--------+-----+--------+
         Total |    267 |    267 |      0 |     82 |     42 |   1 |  267.0 |
       Dungeon |    267 |    267 |      0 |     82 |     42 |   1 |  267.0 |
               +--------+--------+--------+--------+--------+-----+--------+

Top non-repeatable levels by time:
       D: 267 daAuts
